Map: Odyssey LE

Players

Yata

  • Race: Zerg Zerg
  • League: Platinum
  • Spawn Location: 5:00

SmrtAsianGuy - Winner!

  • Race: Terran Terran
  • League: Gold
  • Spawn Location: 11:00

VOD

Have the link to the VOD?

Description

Time

  • Played on: Sept. 12, 2017, 11:10 p.m.
  • Length: 14:25
Show
View Real Time Build Order
Export as new Build Order

Yata Zerg 

Build Orders: Hatch First 

Get SALT Encoding   

  12  0:01  Drone  
  13  0:12  Overlord  
  13  0:25  Drone  
  14  0:32  Drone  
  15  0:36  Drone  
  16  0:48  Drone  
  17  0:57  Drone  
  17  0:58  Hatchery  
  17  1:08  Drone  
  17  1:11  Extractor  
  17  1:18  Spawning Pool  
  16  1:21  Spawning Pool  
  16  1:22  Drone  
  17  1:30  Drone  
  18  2:03  Drone  
  18  2:07  Overlord  
  19  2:13  Drone x2  
  19  2:14  Queen  
  19  2:15  Queen  
  25  2:22  Zergling x4  
  27  2:32  Metabolic Boost  
  27  2:34  Drone  
  27  2:35  Drone  
  27  2:37  Drone  
  30  2:43  Drone  
  32  2:51  Drone  
  32  2:54  Drone  
  33  3:02  Drone  
  33  3:05  Baneling Nest  
  33  3:09  Drone  
  33  3:10  Drone  
  33  3:11  Evolution Chamber  
  34  3:15  Overlord  
  34  3:34  Drone  
  34  3:35  Drone x6  
  41  3:43  Extractor  
  40  3:53  Baneling  
  40  4:05  Baneling  
  40  4:06  Baneling x2  
  40  4:13  Drone  
  40  4:15  Zergling x2  
  40  4:16  Zergling x4  
  44  4:21  Hatchery  
  44  4:22  Drone  
  44  4:24  Overlord x3  
  44  4:32  Lair  
  44  4:42  Queen  
  44  5:11  Zerg Melee Weapons Level 1  
  44  5:35  Zergling x8  
  45  5:36  Zergling x12  
  45  5:38  Overlord x3  
  45  5:39  Queen  
  52  6:04  Hydralisk Den  
  52  6:09  Pneumatized Carapace  
  50  6:15  Queen  
  50  6:16  Drone x2  
  50  6:17  Drone  
  55  6:27  Drone x12  
  67  6:38  Muscular Augments  
  67  6:39  Hydralisk x5  
  77  6:50  Zergling x6, Evolution Chamber  
  77  6:51  Zergling x2  
  80  7:10  Hydralisk x4  
  88  7:20  Hydralisk  
  90  7:33  Zergling x16  
  98  7:38  Hatchery  
  93  7:44  Zergling x2  
  93  7:45  Zergling x6  
  93  7:47  Overlord x4  
  97  8:06  Baneling  
  97  8:08  Baneling x5  
  96  8:18  Hydralisk  
  96  8:19  Hydralisk x3  
  96  8:23  Zergling x2  
  96  8:24  Zergling x16  
  105  8:46  Hydralisk x3  
  111  8:58  Extractor  
  111  9:00  Extractor x2, Drone x6  
  111  9:01  Drone x2  
  111  9:02  Extractor  
  115  9:03  Zergling x2  
  115  9:04  Zergling x2  
  108  9:22  Hydralisk x3  
  108  9:23  Hydralisk  
  105  9:41  Hydralisk x4  
  107  9:51  Zergling x6  
  107  9:52  Zergling x20  
  104  9:55  Hydralisk x2  
  108  10:06  Hydralisk  
  110  10:07  Hydralisk x2  
  114  10:25  Zerg Missile Weapons Level 1  
  114  10:28  Hydralisk  
  114  10:29  Hydralisk x2  
  116  10:36  Hydralisk  
  116  10:37  Hydralisk  
  116  10:40  Zergling x28  
  115  10:51  Zergling x2  
  115  10:52  Zergling x6  
  115  10:54  Hydralisk  
  121  11:08  Zergling x2  
  121  11:09  Zergling x6  
  125  11:12  Zerg Ground Armor Level 1  
  125  11:13  Hydralisk  
  125  11:14  Hydralisk x3  
  133  11:25  Infestation Pit  
  133  11:31  Drone x4  
  136  11:33  Overlord x2  
  136  11:34  Overlord x3  
  136  11:38  Baneling x8  
  136  11:52  Zergling x2  
  136  11:53  Zergling x2  
  113  12:07  Hydralisk x5  
  113  12:08  Hydralisk x4  
  107  12:12  Zergling x6  
  116  12:19  Hive  
  116  12:29  Zergling x2  
  112  12:30  Zergling x14  
  119  12:44  Zergling x2  
  119  12:45  Zergling x12  
  126  12:56  Zergling x2  
  126  12:57  Zergling x14  
  121  13:01  Hatchery  
  121  13:03  Spire  
  121  13:04  Zergling x6  
  122  13:08  Zergling x8  
  126  13:16  Zergling x16  
  126  13:17  Zergling x6  
  120  13:44  Zergling x2  
  120  13:45  Zergling x18  
  86  13:58  Hydralisk x4  
Show
View Real Time Build Order
Export as new Build Order

SmrtAsianGuy Terran - Winner!

Build Orders: Command Center First (CC), Mech 

Get SALT Encoding   

  12  0:01  SCV  
  13  0:13  SCV  
  14  0:23  Supply Depot  
  14  0:25  SCV  
  15  0:44  SCV  
  16  0:57  SCV  
  17  1:07  Command Center  
  17  1:09  SCV  
  18  1:18  Barracks  
  18  1:21  SCV  
  19  1:34  SCV  
  20  1:40  Refinery  
  20  1:41  Refinery  
  20  1:46  SCV  
  21  1:58  SCV  
  22  2:14  Orbital Command  
  22  2:20  Orbital Command, Bunker  
  22  2:25  Marine  
  23  2:32  Factory  
  23  2:41  SCV  
  24  2:46  SCV  
  25  2:53  SCV  
  26  2:59  SCV  
  26  3:01  Marine  
  26  3:05  SCV  
  29  3:11  SCV  
  30  3:17  SCV  
  30  3:19  Factory Tech Lab  
  31  3:20  Barracks Reactor  
  31  3:23  Factory  
  31  3:24  SCV  
  32  3:29  SCV  
  33  3:36  SCV  
  33  3:39  Infernal Pre-Igniter  
  33  3:41  SCV, Hellion  
  36  3:47  Command Center  
  36  3:48  SCV  
  38  3:52  Refinery  
  38  3:58  Supply Depot  
  38  4:02  Engineering Bay  
  38  4:07  Siege Tank, SCV x2  
  43  4:19  SCV x2  
  43  4:21  Barracks Reactor  
  45  4:25  Factory  
  45  4:27  Hellion  
  45  4:28  Hellion  
  49  4:31  SCV x2  
  49  4:33  Refinery  
  49  4:36  Armory  
  51  4:39  Hellion  
  51  4:43  SCV  
  54  4:49  Hi-Sec Auto Tracking  
  54  4:59  SCV x2  
  50  5:12  Orbital Command  
  50  5:13  SCV x2  
  52  5:22  Barracks Tech Lab  
  52  5:26  SCV x2  
  54  5:29  Thor  
  54  5:32  Hellion x2  
  64  5:38  SCV x2  
  64  5:40  Terran Vehicle Weapons Level 1  
  66  5:43  Supply Depot  
  66  5:45  SCV  
  67  5:51  Hellion  
  69  5:58  Hellion  
  69  5:59  Factory  
  69  6:03  Barracks Tech Lab  
  69  6:05  SCV  
  69  6:10  SCV x2  
  70  6:12  Siege Tank  
  70  6:17  SCV  
  72  6:22  SCV, Hellion x3  
  77  6:31  Orbital Command  
  77  6:39  Supply Depot x2  
  77  6:46  Building Armor  
  77  6:49  Supply Depot  
  77  6:51  Supply Depot  
  77  6:53  Supply Depot  
  77  7:00  Siege Tank, SCV x2  
  77  7:01  Hellion  
  84  7:07  SCV  
  85  7:12  SCV  
  85  7:13  SCV  
  87  7:17  Hellion  
  87  7:18  Hellion  
  87  7:19  SCV  
  87  7:22  Factory  
  92  7:25  Refinery, SCV x2  
  94  7:31  SCV  
  94  7:32  Thor  
  103  7:37  SCV x2  
  103  7:43  SCV  
  100  7:46  Hellion x3  
  100  7:47  Hellion  
  108  7:51  Thor  
  108  7:54  Terran Vehicle And Ship Armor Level 1  
  114  7:58  SCV  
  114  7:59  SCV x2  
  117  8:13  SCV x3  
  100  8:22  Siege Tank  
  100  8:24  Hellion x4  
  100  8:26  Terran Infantry Armor Level 1, SCV x3  
  114  8:34  Siege Tank  
  116  8:49  Command Center  
  116  8:51  Refinery  
  116  8:53  Supply Depot  
  116  8:54  Refinery  
  116  8:55  Supply Depot  
  116  8:56  Supply Depot  
  116  9:03  Refinery, SCV  
  116  9:09  Command Center  
  117  9:15  Siege Tank, SCV, Hellion x2  
  117  9:16  Siege Tank, SCV x2, Hellion  
  132  9:17  Siege Tank  
  124  9:33  Hellion  
  124  9:36  SCV x3  
  124  9:37  Hellion x2  
  124  9:38  Hellion  
  120  9:47  Thor  
  120  9:48  SCV, Siege Tank, Terran Vehicle Weapons Level 2  
  121  9:54  Hellion  
  121  9:55  Thor  
  121  9:58  Hellion x2  
  121  9:59  Hellion  
  135  10:01  Barracks  
  135  10:16  Hellbat  
  135  10:19  Hellbat x2  
  135  10:20  Terran Infantry Weapons Level 1, Siege Tank  
  144  10:30  Siege Tank  
  144  10:33  Starport  
  147  10:38  Siege Tank  
  138  10:46  Hellbat x3, Hellion  
  146  10:53  Siege Tank  
  146  10:55  Orbital Command x2  
  149  10:58  Hellion x8  
  149  11:02  Siege Tank  
  152  11:05  Hellion  
  152  11:07  Hellbat x4  
  152  11:10  Siege Tank  
  163  11:24  Thor  
  169  11:32  Hellbat  
  171  11:41  Factory  
  170  11:54  Hellbat  
  170  11:55  Hellbat  
  170  11:56  Hellbat  
  170  11:57  Hellbat, Siege Tank  
  170  11:58  Hellbat  
  162  12:04  Terran Vehicle And Ship Armor Level 2  
  162  12:08  Hellbat  
  160  12:15  Hellbat  
  162  12:17  Hellbat  
  162  12:21  Starport Tech Lab  
  164  12:26  Factory Tech Lab, Starport  
  164  12:27  Fusion Core  
  164  12:31  Starport  
  159  13:18  Weapon Refit  
  159  13:33  Command Center  
  159  13:35  Refinery  
Tags
 
Composition
Mech
Matchup
TvZ
Replay Pack
Pack 1
Spawn Locations
Cross Positions
Add a new tag
Caveats
  • Supply blocks, unpowered buildings, or Contaminate may cause inaccurate times.
  • Supply counts are checked every 10 seconds.